 Dungeon Crawl Stone Soup version 0.31-a0-18-gea43df2a32 (webtiles) character file.

Game seed: 17585907578755139610

154 Dittersdorf the Shield-Bearer (level 5, 0/33 HPs)
             Began as a Gargoyle Fighter on May 10, 2023.
             Slain by an orc priest
             ... wielding a +0 war axe
              (2 damage)
             ... on level 2 of the Dungeon.
             The game lasted 00:02:30 (2221 turns).

Dittersdorf the Shield-Bearer (Gargoyle Fighter)    Turns: 2221, Time: 00:02:31

Health: 0/33       AC: 11    Str: 22    XL:     5   Next: 35%
Magic:  5/5        EV:  9    Int:  8    God:
Gold:   99         SH:  4    Dex:  9    Spells: 4/4 levels left

rFire   . . .        o - +0 morningstar
rCold   . . .        c - +0 buckler
rNeg    + . .        b - +0 scale mail
rPois   ∞            (no helmet)
rElec   +            (no cloak)
rCorr   .            (no gloves)
SInv    .            (no boots)
Will    .....        h - amulet of the acrobat Stlth
                     (no ring)
HPRegen 0.25/turn    (no ring)
MPRegen 0.09/turn

%: acrobat
@: no status effects
A: sickness immunity, AC +4, negative energy resistance 1, electricity
resistance, torment resistance 1, petrification resistance
a: no special abilities


You were on level 2 of the Dungeon.
You visited 1 branch of the dungeon, and saw 3 of its levels.

You collected 99 gold pieces.

Inventory:

Hand Weapons
 o - a +0 morningstar (weapon)
Armour
 b - a +0 scale mail (worn)
 c - a +0 buckler (worn)
Jewellery
 a - a ring of ice
 h - an amulet of the acrobat (around neck)
Scrolls
 e - a scroll of teleportation {unknown}
 k - a scroll of identify {unknown}
 l - a scroll of acquirement {unknown}
 n - a scroll of immolation {unknown}
Potions
 d - a potion of might
 f - a potion of cancellation {unknown}
 g - a potion of flight {unknown}
 i - a potion of haste {unknown}
 j - a potion of mutation {unknown}
 m - a potion of heal wounds {unknown}


   Skills:
 + Level 4.2 Fighting
 + Level 3.1 Maces & Flails
 + Level 4.3 Armour
 + Level 4.3 Shields


You had 4 spell levels left.
You didn't know any spells.
Your spell library was empty.

Dungeon Overview and Level Annotations

Branches:
Dungeon (3/15)

Altars:


Innate Abilities, Weirdness & Mutations

You are immune to sickness and miasma.
Your stone body is resilient. (AC +4)
You are immune to poison.
You resist negative energy. (rN+)
You are resistant to electric shocks. (rElec)
You are resistant to unholy torment.
You are immune to petrification.


Message History

The orc closely misses you.
You thump the orc!
You kill the orc!
You block the orc's attack. The orc hits you but does no damage.
You barely miss the orc. The orc closely misses you.
You puncture the orc!
You kill the orc!
No target in view!
No target in view!
No target in view!
No target in view!
No target in view!
No target in view!
No target in view!
No target in view!
No target in view!
No target in view!
No target in view!
No target in view!
No target in view!
You climb downwards.
The gnoll closely misses you.
The orc priest invokes the aid of Beogh against you.
Beogh smites you! The gnoll hits you with a +0 flail!
There is a stone staircase leading up here.
The orc priest mumbles some strange prayers to Beogh against you.
Pain shoots through your body! The gnoll hits you with a +0 flail.
* * * LOW HITPOINT WARNING * * *
You climb upwards.
There is a stone staircase leading down here.
You are too injured to fight recklessly!
You barely miss the orc priest.
The orc priest hits you with a +0 war axe.
* * * LOW HITPOINT WARNING * * *
The gnoll hits you but does no damage.
You closely miss the orc priest.
The orc priest hits you with a +0 war axe.
* * * LOW HITPOINT WARNING * * *
You block the gnoll's attack.
The orc priest hits you with a +0 war axe.
You die...

....#...##.#.#.#.##............#.
...........#.#.#...............#.
..#####.####.#.#..........######.
..+..........#.#......###........
..#####.######.#.#.#....#..#.....
.........(...#.#.#.#.##.#..#.....
.....(#.####.#.#.#.####.#..#.....
...........#.#.#)#......#..#.....
.......##.##.#.#@########..#.....
..........##.#'#og.........######
############.......#####...#
...................#####...######
.....#####......................#
........##...#+####.............+
........##...#.####......##.....#
........##...#.#.................
........##...#.#'#############.).


You could see an orc priest and a gnoll.

Vanquished Creatures
  Natasha (D:3)
  A gnoll (D:3)
  3 adders (D:2)
  3 worms (D:2)
  2 dart slugs (D:1)
  8 orcs
  7 endoplasms
  2 giant cockroaches
  8 goblins
  7 hobgoblins
  4 jackals (D:3)
  4 kobolds
  5 quokkas
  2 ball pythons (D:1)
  2 bats (D:2)
  5 frilled lizards
  2 rats (D:1)
66 creatures vanquished.

Notes
Turn   | Place    | Note
-------+----------+-------------------------------------------
     0 | D:1      | Dittersdorf the Gargoyle Fighter began the quest for the
                  | Orb.
     0 | D:1      | Reached XP level 1. HP: 14/14 MP: 1/1
    79 | D:1      | Reached XP level 2. HP: 19/19 MP: 2/2
   296 | D:1      | Found a faded altar of an unknown god.
   376 | D:1      | Reached XP level 3. HP: 23/23 MP: 3/3
  1285 | D:2      | Reached XP level 4. HP: 28/29 MP: 4/4
  1916 | D:3      | Noticed Natasha
  1921 | D:3      | Killed Natasha
  1922 | D:3      | Reached XP level 5. HP: 26/33 MP: 5/5
  2221 | D:2      | Slain by an orc priest

Illustrated notes

Levels and vault maps discovered:
D:1:      evilmike_arrival_fibonacci_small, layout_basic,
          shapermc_ecumenical_altar_venn
D:2:      layout_basic, kennysheep_nondescript
D:3:      lemuel_castle_with_subvaults [lemuel_castle_interior_carwin_1],
          layout_basic, serial_shops, nicolae_shop_waterfront, uniq_natasha,
          uniq_ijyb

Skill      XL: |  1  2  3  4 |
---------------+-------------+-----
Shields        | 4 |  4.3
Armour         | 4 |  4.3
Fighting       | 4 |  4.2
Maces & Flails | 3 |  3.1

Action                     |  1- 3 |  4- 6 || total
---------------------------+-------+-------++-------
  Melee: Flail             |    96 |    70 ||   166
         Morningstar       |       |    45 ||    45
 Armour: Scale mail        |    42 |    64 ||   106
  Dodge: Dodged            |    51 |    78 ||   129
  Block: Buckler           |    18 |    31 ||    49

Table legend: (Time is in decaauts)
 A = Elapsed time spent in this place.
 B = Non-inter-level travel time spent in this place.
 C = Inter-level travel time spent in this place.
 D = Time resting spent in this place.
 E = Time spent auto-exploring this place.
 F = Levels seen in this place.
 G = Mean time per level.
                   A        B        C        D        E       F      G
               +--------+--------+--------+--------+--------+-----+--------+
         Total |   2297 |   2248 |     49 |    156 |   1566 |   3 |  765.7 |
       Dungeon |   2297 |   2248 |     49 |    156 |   1566 |   3 |  765.7 |
               +--------+--------+--------+--------+--------+-----+--------+

Top non-repeatable levels by time:
     D:2: 1133 daAuts
     D:1: 775 daAuts
     D:3: 388 daAuts
